AoeStats
← Aldo

Arabia

509780681Analyzed
2v2 RM · 3d ago on Sep 28, 2026· 32m 19s· 4 players
Game mode
Random Map
Map size
Medium (4 player)
Population
200
Speed
Normal
Resources
Standard
Victory
Conquest
Starting age
Dark Age
Ending age
Imperial Age
RankedLock teamsTeams togetherTeam positionsShared explorationLock speedFull tech treeHidden civsTurbo modeCheats
Victory
Defeat
🇺🇸 Magyars · United States
1082
+10
🇺🇸 Sicilians · United States
1024
+12
🇲🇽 Bulgarians · Mexico
974
-12
🇲🇽 Teutons · Mexico
919
-10
Flaco
10:15 Feudal Age
10:57 Double-Bit Axe
10:54 Horse Collar
13:09 Forging
13:02 Scale Mail Armor
14:32 Loom
19:16 Fletching
21:06 Wheelbarrow
24:36 Castle Age
25:46 Hand Cart
26:13 Iron Casting
25:53 Chain Mail Armor
25:43 Pikeman
28:57 Bodkin Arrow
31:16 Stone Mining
SDTopher
7:53 Loom
9:56 Feudal Age
17:14 Bloodlines
20:21 Wheelbarrow
22:07 Castle Age
21:37 Fletching
21:48 Padded Archer Armor
24:45 Bodkin Arrow
26:36 Gold Mining
28:07 Hand Cart
28:57 Gold Shaft Mining
29:41 Double-Bit Axe
29:39 Horse Collar
30:57 Leather Archer Armor
Aldo
11:45 Feudal Age
11:07 Loom
13:24 Forging
13:15 Scale Mail Armor
21:03 Castle Age
20:14 Bloodlines
29:00 Fletching
30:38 Scale Barding Armor
fdiazlev
11:20 Feudal Age
11:51 Double-Bit Axe
12:58 Wheelbarrow
14:24 Man-at-Arms
14:50 Arson
16:28 Town Watch
27:23 Gold Mining
27:54 Scale Mail Armor
28:05 Forging
30:44 Castle Age
29:15 Stone Mining
29:44 Fletching
31:32 Town Patrol
Connection lost

Rejoining the realm…

Still unreachable

The connection could not be restored.

Session expired

The server has moved on; the page needs a fresh start.